 Dungeon Crawl Stone Soup version 0.20.1-1-g8b1a95d (webtiles) character file.

134 Jannitor the Vexing (level 4, -4/39 HPs)
             Began as a Deep Elf Arcane Marksman on Sept 24, 2017.
             Killed from afar by an orc wizard (7 damage)
             ... with a magic dart
             ... on level 3 of the Dungeon.
             The game lasted 00:05:33 (2089 turns).

Jannitor the Vexing (Deep Elf Arcane Marksman)      Turns: 2089, Time: 00:05:34

Health: -4/39      AC:  3    Str: 13    XL:     4   Next: 95%
Magic:  4/8        EV: 13    Int: 18    God:
Gold:   85         SH:  0    Dex: 15    Spells: 3/6 levels left

rFire    . . .     SeeInvis .   a - +0 shortbow
rCold    . . .     Gourm    .   (shield currently unavailable)
rNeg     . . .     Faith    .   e - +0 robe
rPois    .         Spirit   .   l - +0 helmet
rElec    .         Reflect  .   (no cloak)
rCorr    .         Harm     .   (no gloves)
MR       .....                  (no boots)
Stlth    ..........             (no amulet)
Regen    0.2/turn               (no ring)
MPRegen  0.2/turn               (no ring)

@: berserking, very quick
A: no striking features
a: no special abilities


You were on level 3 of the Dungeon.
You were not hungry.

You visited 1 branch of the dungeon, and saw 3 of its levels.

You collected 85 gold pieces.

Inventory:

Hand Weapons
 a - a +0 shortbow (weapon)
 j - a +0 short sword
Missiles
 d - 24 arrows (quivered)
Armour
 e - a +0 robe (worn)
 l - a +0 helmet (worn)
Potions
 m - a potion of magic {unknown}
Books
 c - a book of Debilitation

   Spells                             Type                      Level
   a - Corona                         Hexes                        1
   b - Slow                           Hexes                        2
   c - Inner Flame                    Hexes/Fire                   3
   d - Portal Projectile              Hexes/Translocation          3
   e - Cause Fear                     Hexes                        4
   f - Leda's Liquefaction            Hexes/Earth                  4
Comestibles
 f - a bread ration
 k - 2 royal jellies
 n - a meat ration


   Skills:
 + Level 2.2 Fighting
 + Level 3.5 Bows
 - Level 2.4 Dodging
 - Level 1.5 Spellcasting
 + Level 5.6 Hexes


You had 3 spell levels left.
You knew the following spells:

 Your Spells              Type           Power        Failure   Level  Hunger
a - Corona                Hex            ###....      1%          1    ##.....
b - Slow                  Hex            ###.....     2%          2    ###....


Dungeon Overview and Level Annotations

Branches:
Dungeon (3/15)

Altars:
Kikubaaqudgha
Xom
Zin


Message History

Unknown command.
Firing (i - inventory):
d - 25 arrows (quivered)
Press: ? - help, Shift-Dir - straight line, f/p - orc wizard
Aim: an orc wizard, wielding a dagger and wearing a robe (severely wounded, fast+slow)
You shoot an arrow. The arrow hits the orc wizard!
You kill the orc wizard!
Unknown command.
It was a potion of berserk rage.
A red film seems to cover your vision as you go berserk!
You feel yourself moving faster!
You feel mighty!
The orc wizard hits you but does no damage.
Really attack while wielding your +0 shortbow?
You clumsily bash the orc wizard.
The orc wizard is heavily wounded.
The orc wizard barely misses you.
You barely miss the orc wizard.
The orc wizard is heavily wounded.
The orc wizard casts a spell at you. The magic dart hits you!
You die...

.#####........#
#......§.....
.........##...+
+............
#######.#######
##...........
........#.#
########o###
..........# #o#
#########.# ####### #.#
# #.# #.....# #.# #
#.########.###.### #.#
# #...)...@oo....(.#
#.# #
##########(##########.#
# #.(.§..o.§...# #
##############


You could see an orc wizard and an orc.

Vanquished Creatures
  The ghost of Jannitor the Vexing, a weakling DEAM (D:3)
  An orc wizard (D:3)
  2 adders (D:2)
  A worm (D:2)
  2 dart slugs (D:2)
  A leopard gecko (D:2)
  2 orcs (D:3)
  A giant cockroach (D:3)
  4 goblins
  6 hobgoblins
  11 kobolds
  8 bats
  2 frilled lizards
  5 rats (D:1)
47 creatures vanquished.

Notes
Turn   | Place    | Note
-------+----------+-------------------------------------------
     0 | D:1      | Jannitor the Deep Elf Arcane Marksman began the quest for the Orb.
     0 | D:1      | Reached XP level 1. HP: 11/11 MP: 5/5
     6 | D:1      | Reached skill level 1 in Fighting
   129 | D:1      | Reached XP level 2. HP: 13/16 MP: 3/6
   178 | D:1      | Learned a level 2 spell: Slow
   756 | D:2      | Found a shimmering altar of Xom.
   788 | D:2      | Reached XP level 3. HP: 15/20 MP: 4/7
  1272 | D:2      | Reached skill level 5 in Hexes
  1385 | D:2      | Found a glowing silver altar of Zin.
  1385 | D:2      | Found an ancient bone altar of Kikubaaqudgha.
  1695 | D:3      | Noticed Jannitor's ghost (weakling DEAM)
  1719 | D:3      | HP: 1/21 [Jannitor's ghost (5)]
  1720 | D:3      | Killed Jannitor's ghost
  1720 | D:3      | Reached XP level 4. HP: 1/26 MP: 3/8
  2085 | D:3      | HP: 1/26 [orc wizard/dagger (5)]
  2089 | D:3      | Killed from afar by an orc wizard

Skill      XL: |  1  2  3 |
---------------+----------+-----
Fighting       | 1 2 |  2.2
Bows           | 3 |  3.5
Hexes          | 5 |  5.6
Dodging        | |  2.4
Spellcasting   | |  1.5

Action                   |  1- 3 |  4- 6 || total
-------------------------+-------+-------++-------
Melee: Short sword       |    11 |       ||    11
       Shortbow          |       |     2 ||     2
 Fire: Shortbow          |   129 |    27 ||   156
 Cast: Corona            |    46 |     5 ||    51
       Slow              |     2 |     3 ||     5
  Use: Potion            |     3 |     1 ||     4
  Eat: Chunk             |     2 |       ||     2
       Bread ration      |       |     1 ||     1
Armor: Robe              |    10 |     2 ||    12
Dodge: Dodged            |    41 |    13 ||    54
